 Dungeon Crawl Stone Soup version 0.28-a0-1344-g6b9ff3a05d (webtiles) character file.

Game seed: 10717533471184341942

59 Delamore the Shield-Bearer (level 4, -6/28 HPs)
             Began as a Gargoyle Fighter on Dec 29, 2021.
             Killed by divine providence
             ... invoked by an orc priest
              (16 damage)
             ... on level 3 of the Dungeon.
             The game lasted 00:01:55 (2279 turns).

Delamore the Shield-Bearer (Gargoyle Fighter)       Turns: 2279, Time: 00:01:55

Health: -6/28      AC: 10    Str: 21    XL:     4   Next: 3%
Magic:  4/4        EV:  9    Int:  9    God:
Gold:   45         SH:  4    Dex:  9    Spells: 3/3 levels left

rFire   . . .      SeeInvis .   f - +3 dagger (elec)
rCold   . . .      Faith    .   c - +0 buckler
rNeg    + . .      Spirit   .   b - +0 scale mail
rPois   ∞          Reflect  .   (no helmet)
rElec   +          Harm     .   (no cloak)
rCorr   .          Rampage  .   (no gloves)
Will    .....                   (no boots)
Stlth   ..........              (no amulet)
HPRegen 0.09/turn               (no ring)
MPRegen 0.09/turn               (no ring)

@: no status effects
A: sickness immunity, AC +3, negative energy resistance 1, electricity
resistance, torment resistance 1, petrification resistance
a: no special abilities


You were on level 3 of the Dungeon.
You visited 1 branch of the dungeon, and saw 3 of its levels.

You collected 45 gold pieces.

Inventory:

Hand Weapons
 a - a +0 flail
 f - a +3 dagger of electrocution (weapon)
Armour
 b - a +0 scale mail (worn)
 c - a +0 buckler (worn)
Scrolls
 e - a scroll of blinking
 k - a scroll of identify
Potions
 d - a potion of might
 g - 2 potions of curing
 h - 2 potions of mutation {unknown}
 i - a potion of lignification {unknown}
 j - a potion of brilliance {unknown}


   Skills:
 - Level 3.2 Fighting
 + Level 0.3 Short Blades
 - Level 3.5 Maces & Flails
 - Level 3.2 Armour
 - Level 4.0 Shields


You had 3 spell levels left.
You didn't know any spells.
Your spell library was empty.

Dungeon Overview and Level Annotations

Branches:
Dungeon (3/15)

Altars:


Innate Abilities, Weirdness & Mutations

You are immune to sickness and miasma.
Your stone body is resilient. (AC +3)
You are immune to poison.
You resist negative energy. (rN+)
You are resistant to electric shocks. (rElec)
You are resistant to unholy torment.
You are immune to petrification.


Message History

The bat hits you but does no damage. The orc hits you but does no damage.
The bat hits you.
You barely miss the orc.
The orc is lightly wounded.
The bat barely misses you. The orc closely misses you.
You hit the orc.
The orc is moderately wounded.
The bat hits you but does no damage. The orc barely misses you.
An orc comes into view. It is wielding a +0 short sword.
The orc priest begins to cast a cantrip, but forgets the words!
The bat hits you but does no damage.
You closely miss the orc.
The orc is moderately wounded.
The orc shouts!
You hear an angry hiss.
You hear a shout!
The bat barely misses you. You block the orc's attack.
You hit the orc.
The orc is heavily wounded.
The bat barely misses you. The bat hits you but does no damage.
The orc hits you but does no damage.
You hit the orc. Lightning courses through the orc!
You kill the orc!
The bat hits you.
A ball python comes into view.
You closely miss the bat. The bat hits you but does no damage.
The orc closely misses you. The bat barely misses you.
A frilled lizard comes into view.
The orc priest invokes the aid of Beogh against you.
Beogh smites you!
Ouch! That really hurt!
An orc priest comes into view. It is wielding a +0 hand axe.
The orc priest shouts!
You hear a shout!
The bat completely misses you. The bat hits you but does no damage.
The bat hits you but does no damage.
The orc priest begins to cast a cantrip, but forgets the words!
The orc priest calls down the wrath of Beogh upon you.
Beogh smites you!
Ouch! That really hurt!
You die...

...#.########.#..
..##........#.#.#
...#........#.#.# ###
...#.########.#.# #.. .#
...#.#........#.# #.### ##.#
...#.#.######.#.# #...# ....
.....#.######.#.####...##.....
.................o..S...#.....
...#.#.########.@b.oK..o.l....
####.#.# #.####.oo)##... ..#.#
#.# ####o# ####.# #.# #).# ...
#.# .oo# ... #.# ##... ....+
... ..... ....# #.# #.#...
.[...# #.##...


You could see 2 orc priests, 4 orcs, a bat, a ball python and a kobold.

Vanquished Creatures
  An adder (D:3)
  2 dart slugs (D:3)
  2 orcs (D:3)
  2 ball pythons
  2 bats (D:1)
  3 endoplasms
  2 giant cockroaches (D:1)
  6 goblins
  2 hobgoblins
  3 jackals (D:2)
  4 kobolds
  4 quokkas
  2 frilled lizards
  4 rats
39 creatures vanquished.

Notes
Turn   | Place    | Note
-------+----------+-------------------------------------------
     0 | D:1      | Delamore the Gargoyle Fighter began the quest for the Orb.
     0 | D:1      | Reached XP level 1. HP: 14/14 MP: 1/1
     3 | D:1      | Noticed an electric eel
     4 | D:1      | Noticed an electric eel
   136 | D:1      | Reached XP level 2. HP: 5/19 MP: 2/2
   891 | D:1      | Found a faded altar of an unknown god.
  1232 | D:2      | Reached XP level 3. HP: 23/23 MP: 3/3
  1405 | D:2      | Reached skill level 4 in Shields
  2265 | D:3      | Reached XP level 4. HP: 27/28 MP: 4/4
  2279 | D:3      | Killed from afar by an orc priest

Illustrated notes

Levels and vault maps discovered:
D:1:      arrival_aquarium_b, layout_loops_ring,
          dreamdust_ecumenical_altar_angels_and_demons,
          chequers_serial_rivers_room_b, chequers_serial_rivers_micro_a
D:2:      layout_basic
D:3:      layout_basic, st_stairs_5

Skill      XL: |  1  2  3 |
---------------+----------+-----
Shields        | 4 |  4.0
Maces & Flails | 3 |  3.5
Fighting       | |  3.2
Short Blades   | |  0.3
Armour         | |  3.2

Action                   |  1- 3 |  4- 6 || total
-------------------------+-------+-------++-------
Melee: Flail             |    91 |       ||    91
       Dagger            |    37 |     8 ||    45
  Use: Scroll            |     4 |       ||     4
Armor: Scale mail        |    66 |    12 ||    78
Dodge: Dodged            |    81 |     8 ||    89
Block: Buckler           |    27 |     1 ||    28

Table legend: (Time is in decaauts)
 A = Elapsed time spent in this place.
 B = Non-inter-level travel time spent in this place.
 C = Inter-level travel time spent in this place.
 D = Time resting spent in this place.
 E = Time spent auto-exploring this place.
 F = Levels seen in this place.
 G = Mean time per level.
                   A        B        C        D        E       F      G
               +--------+--------+--------+--------+--------+-----+--------+
         Total |   2305 |   2241 |     64 |    292 |   1632 |   3 |  768.3 |
       Dungeon |   2305 |   2241 |     64 |    292 |   1632 |   3 |  768.3 |
               +--------+--------+--------+--------+--------+-----+--------+

Top non-repeatable levels by time:
     D:2: 1080 daAuts
     D:1: 1030 daAuts
     D:3: 194 daAuts
